AoeStats
← ephesus

Arena

506703576Analyzed
4v4 RM · 17d ago on Sep 14, 2026· 45m 6s· 8 players
Game mode
Random Map
Map size
Large (8 player)
Population
200
Speed
Normal
Resources
Standard
Victory
Conquest
Starting age
Dark Age
Ending age
Imperial Age
RankedLock teamsTeams togetherTeam positionsShared explorationLock speedFull tech treeHidden civsTurbo modeCheats
Victory
Defeat
🇹🇷 Franks · Türkiye
1086
+10
🇵🇱 Bohemians · Poland
952
+41
🇹🇷 Teutons · Türkiye
938
+15
🇹🇷 Gurjaras · Türkiye
910
+16
🇹🇼 Portuguese · Taiwan
952
-15
🇭🇷 Poles · Croatia
937
-14
🇦🇷 Franks · Argentina
931
-14
🇪🇸 Bohemians · Spain
892
-13
El Lobizon Chinchu
3:03 Loom
10:01 Feudal Age
10:46 Double-Bit Axe
20:08 Castle Age
18:54 Forging
20:35 Scale Barding Armor
23:44 Husbandry
26:06 Gold Mining
30:00 Iron Casting
29:49 Chain Barding Armor
28:56 Pikeman
29:37 Squires
34:47 Light Cavalry
dropshot
2:54 Loom
11:59 Feudal Age
12:26 Double-Bit Axe
12:35 Horse Collar
22:10 Castle Age
21:58 Forging
21:51 Scale Mail Armor
21:59 Scale Barding Armor
22:47 Bloodlines
23:22 Husbandry
26:40 Chain Mail Armor
29:44 Szlachta Privileges
29:26 Pikeman
33:42 Heavy Plow
34:05 Chain Barding Armor
34:22 Iron Casting
34:43 Town Watch
35:34 Wheelbarrow
35:41 Town Patrol
35:34 Fletching
37:13 Gold Mining
38:16 Hand Cart
41:01 Imperial Age
38:33 Bodkin Arrow
39:15 Stone Mining
39:45 Caravan
Lucas Grijander
8:41 Loom
10:31 Feudal Age
12:33 Wheelbarrow
11:47 Double-Bit Axe
17:38 Fletching
20:08 Town Watch
36:23 Horse Collar
平凡自在
10:45 Feudal Age
11:16 Double-Bit Axe
11:12 Horse Collar
17:43 Castle Age
17:31 Wheelbarrow
18:42 Bow Saw
18:34 Heavy Plow
18:57 Stone Mining
19:12 Gold Mining
21:39 Treadmill Crane
22:17 Fervor
24:07 Stone Shaft Mining
25:22 Hand Cart
24:55 Town Watch
25:48 Sanctity
26:48 Circumnavigation
27:45 Ballistics
31:18 Imperial Age
30:01 Fletching
30:22 Forging
30:13 Scale Mail Armor
30:13 Padded Archer Armor
32:26 Conscription
32:09 Arquebus
33:24 Two-Man Saw
32:58 Crop Rotation
31:56 Pikeman
32:28 Halberdier
33:48 Iron Casting
33:28 Chain Mail Armor
34:02 Chain Mail Armor
34:11 Gambesons
35:48 Chemistry
36:12 Loom
37:20 Guilds
38:42 Elite Organ Gun
41:13 Siege Engineers
AlperHan
9:13 Loom
9:18 Loom
13:40 Feudal Age
15:03 Double-Bit Axe
15:12 Gold Mining
18:12 Castle Age
18:36 Forging
18:32 Scale Barding Armor
19:55 Husbandry
30:06 Iron Casting
29:51 Chain Barding Armor
34:38 Wheelbarrow
38:03 Fervor
38:16 Hand Cart
39:13 Town Watch
42:05 Imperial Age
42:22 Cavalier
44:07 Blast Furnace
43:43 Plate Barding Armor
43:41 Coinage
44:03 Paladin
44:31 Gambesons
45:48 Banking
44:40 Pikeman
45:33 Scale Mail Armor
45:00 Light Cavalry
45:42 Squires
45:06 Capped Ram
ephesus
14:06 Feudal Age
14:28 Loom
20:39 Castle Age
18:34 Double-Bit Axe
18:31 Horse Collar
22:11 Wheelbarrow
21:52 Heavy Plow
24:01 Bow Saw
25:24 Gold Mining
26:46 Hand Cart
30:48 Imperial Age
28:41 Scale Barding Armor
29:51 Bloodlines
31:12 Scale Barding Armor
31:17 Forging
30:58 Fletching
31:08 Padded Archer Armor
31:23 Kshatriyas
32:19 Conscription
32:15 Kshatriyas
31:46 Heavy Camel Rider
33:41 Crop Rotation
34:53 Frontier Guards
35:13 Elite Chakram Thrower
38:12 Chain Barding Armor
38:28 Iron Casting
42:14 Spies/Treason
osmanars
8:11 Loom
11:05 Feudal Age
15:29 Fletching
22:23 Castle Age
20:53 Stone Mining
22:34 Wheelbarrow
29:39 Hand Cart
34:35 Scale Mail Armor
34:47 Forging
35:38 Chain Mail Armor
37:02 Horse Collar
37:17 Double-Bit Axe
43:07 Imperial Age
42:12 Iron Casting
43:11 Elite Teutonic Knight
44:12 Conscription
43:42 Spies/Treason
46:07 Plate Mail Armor
46:38 Blast Furnace
Candy
11:04 Feudal Age
18:06 Castle Age
17:30 Forging
17:19 Fletching
17:26 Double-Bit Axe
17:24 Horse Collar
24:11 Bow Saw
24:06 Heavy Plow
25:26 Bodkin Arrow
28:48 Chemistry
28:17 Ballistics
28:35 Wheelbarrow
31:06 Imperial Age
30:43 Wagenburg Tactics
31:27 Hand Cart
32:31 Elite Hussite Wagon
34:35 Chemistry
36:39 Bracer
44:34 Houfnice
Connection lost

Rejoining the realm…

Still unreachable

The connection could not be restored.

Session expired

The server has moved on; the page needs a fresh start.